 Dungeon Crawl Stone Soup version 0.27-a0-1116-g91b3acb402 (webtiles) character file.

Game seed: 12924710526845598592

30 TODO the Covered (level 3, -2/30 HPs)
             Began as a Barachi Fighter on May 1, 2021.
             Was an Initiate of Ashenzari.
             Killed from afar by an orc wizard (11 damage)
             ... with a magic dart
             ... on level 2 of the Dungeon.
             The game lasted 00:03:36 (819 turns).

TODO the Covered (Barachi Fighter)                   Turns: 819, Time: 00:03:36

Health: -2/30      AC:  7    Str: 24    XL:     3   Next: 20%
Magic:  3/3        EV:  7    Int:  8    God:    Ashenzari [......]
Gold:   62         SH: 10    Dex: 11    Spells: 2/2 levels left

rFire    . . .     SeeInvis .   a - +0 flail
rCold    . . .     Faith    .   c - +0 kite shield of Cremastomancy {Elem, Fort} (curse)
rNeg     . . .     Spirit   .   b - +0 scale mail
rPois    .         Reflect  .   (no helmet)
rElec    .         Harm     .   (no cloak)
rCorr    .         Rampage  .   (no gloves)
Will     .....                  (no boots)
Stlth    ..........             (no amulet)
HPRegen  0.10/turn              h - +6 ring of strength
MPRegen  0.08/turn              (no ring)

@: slow
A: amphibious, slowness 1, strong legs 1, +LOS
a: Hop, Renounce Religion, Shatter the Chains


You were on level 2 of the Dungeon.
You worshipped Ashenzari.
Ashenzari was noncommittal.
You visited 1 branch of the dungeon, and saw 2 of its levels.

You collected 62 gold pieces.

Inventory:

Hand Weapons
 a - a +0 flail (weapon)
Armour
 b - a +0 scale mail (worn)
 c - the cursed +0 kite shield of Cremastomancy (worn) {Elem, Fort}

   It has a curse which improves the following skills: Elements: Fire Magic, Ice
   Magic, Air Magic and Earth Magic.
   Fortitude: Armour and Shields.
Jewellery
 h - a +6 ring of strength (left hand)
Scrolls
 f - a scroll of fear
 g - a scroll of blinking
 i - a scroll of amnesia
Potions
 d - 2 potions of might
 e - a potion of curing


   Skills:
 + Level 3.9 Fighting
 + Level 2.6 Maces & Flails
 + Level 4.0(4.5) Armour
 * Level 3.9(4.4) Shields


You had 2 spell levels left.
You didn't know any spells.
Your spell library was empty.

Dungeon Overview and Level Annotations

Branches:
Dungeon (2/15)

Altars:
Ashenzari

Annotations:
D:2 Jessica


Innate Abilities, Weirdness & Mutations

You are amphibious.
You cover ground slowly.
You can hop short distances.
You have an extended range of vision and can be seen from far away.


Message History

You kill the hobgoblin!
You block the orc wizard's attack. The quokka barely misses you.
You block the orc wizard's attack.
You miss the orc wizard. You block the quokka's attack.
The quokka bites you but does no damage.
You block the orc wizard's attack.
You hit the orc wizard.
The orc wizard is lightly wounded.
You block the quokka's attack. The orc wizard casts a spell at you.
The magic dart hits you! You block the quokka's attack.
You block the orc wizard's attack.
You hit the orc wizard.
The orc wizard is moderately wounded.
You block the quokka's attack.
The orc wizard hits you but does no damage.
You hit the orc wizard but do no damage.
The orc wizard is moderately wounded.
You block the quokka's attack.
The orc wizard hits you but does no damage.
You block the quokka's attack.
You hit the orc wizard.
The orc wizard is heavily wounded.
The quokka bites you but does no damage.
You block the orc wizard's attack.
The quokka bites you but does no damage.
The orc wizard hits you but does no damage.
You closely miss the orc wizard.
The orc wizard is heavily wounded.
The quokka bites you but does no damage.
The orc wizard points at you and mumbles some strange words.
The magic dart hits you!
* * * LOW HITPOINT WARNING * * *
The quokka bites you but does no damage.
You barely miss the orc wizard.
The orc wizard is heavily wounded.
You block the orc wizard's attack. The quokka barely misses you.
The orc wizard points at you and mumbles some strange words.
The magic dart hits you!
You die...

#.#..#.# ..
#.#..#.##...##..#..#
#.#..#..........#..#
...........##..#..#
###..... ....).......
...... ... ....... #...#
#.###..#...
##.####...#####.##.......
........@r...............
##.....##o...........#...
#.... #..#########.....
#... #.... .. ##.... #..
#...≈. ≈.o #.... #.
#.........oo#.[#. #
#.........oo#....
#.........o@#..#.
#...≈...≈..##....


You could see an orc wizard and a quokka.

Vanquished Creatures
  3 endoplasms (D:1)
  2 giant cockroaches (D:1)
  A goblin (D:1)
  3 hobgoblins
  9 jackals (D:1)
  2 kobolds (D:1)
  A quokka (D:1)
  A ball python (D:1)
  A frilled lizard (D:1)
23 creatures vanquished.

Notes
Turn   | Place    | Note
-------+----------+-------------------------------------------
     0 | D:1      | TODO the Barachi Fighter began the quest for the Orb.
     0 | D:1      | Reached XP level 1. HP: 18/18 MP: 1/1
     4 | D:1      | Noticed a spriggan
     6 | D:1      | Noticed an octopode
     7 | D:1      | Noticed a gargoyle
    11 | D:1      | Noticed an elf
    14 | D:1      | Noticed a minotaur zombie
    16 | D:1      | Noticed a human
    18 | D:1      | Noticed a human
   217 | D:1      | Found a faded altar of an unknown god.
   244 | D:1      | Reached XP level 2. HP: 14/25 MP: 2/2
   426 | D:1      | Became a worshipper of Ashenzari the Shackled
   545 | D:1      | Reached XP level 3. HP: 30/30 MP: 3/3
   550 | D:1      | Reached skill level 4 in Armour
   780 | D:2      | Noticed Jessica
   819 | D:2      | Killed from afar by an orc wizard

Illustrated notes

Levels and vault maps discovered:
D:1:      shiori_arrival_whats_in_store_for_you, layout_rooms,
          hellmonk_ecumenical_altar_dog_temple
D:2:      cheibrodos_pilgrimage, layout_basic, uniq_crazy_yiuf_cottage,
          uniq_robin, uniq_jessica

Skill      XL: |  1  2  3 |
---------------+----------+-----
Armour         | 4 |  4.0
Fighting       | |  3.9
Maces & Flails | |  2.6
Shields        | |  3.9

Action                   || total
-------------------------++-------
Melee: Flail             ||    74
Invok: Curse Item        ||     1
Armor: Scale mail        ||    59
Dodge: Dodged            ||    25
Block: Kite shield       ||    66

Table legend: (Time is in decaauts)
 A = Elapsed time spent in this place.
 B = Non-inter-level travel time spent in this place.
 C = Inter-level travel time spent in this place.
 D = Time resting spent in this place.
 E = Time spent auto-exploring this place.
 F = Levels seen in this place.
 G = Mean time per level.
                   A        B        C        D        E       F      G
               +--------+--------+--------+--------+--------+-----+--------+
         Total |    950 |    937 |     13 |    132 |    516 |   2 |  475.0 |
       Dungeon |    950 |    937 |     13 |    132 |    516 |   2 |  475.0 |
               +--------+--------+--------+--------+--------+-----+--------+

Top non-repeatable levels by time:
     D:1: 818 daAuts
     D:2: 131 daAuts
